 Dungeon Crawl Stone Soup version 0.26-a0-774-g1415c89e12 (webtiles) character file.

Game seed: 13591000025697640037

0 Gargoyl the Skirmisher (level 1, 0/23 HPs)
             Began as a Gnoll Abyssal Knight on Nov 9, 2020.
             Was a Follower of Lugonu.
             Slain by a quasit (1 damage)
             ... on level 1 of the Abyss.
             The game lasted 00:00:45 (159 turns).

Gargoyl the Skirmisher (Gnoll Abyssal Knight)        Turns: 159, Time: 00:00:46

Health: 0/23       AC:  3    Str: 14      XL:     1   Next: 0%
Magic:  3/3        EV: 12    Int: 10      God:    Lugonu [*.....]
Gold:   23         SH:  0    Dex: 12 (14) Spells: 0/0 levels left

rFire    . . .     SeeInvis .   a - +1 hand axe
rCold    . . .     Faith    .   (no shield)
rNeg     . . .     Spirit   .   b - +0 leather armour
rPois    .         Reflect  .   (no helmet)
rElec    .         Harm     .   (no cloak)
rCorr    .         Rampage  .   (no gloves)
MR       .....                  (no boots)
Stlth    +.........             (no amulet)
HPRegen  0.07/turn              c - -4 ring of intelligence (curse)
MPRegen  0.08/turn              (no ring)

@: no status effects
A: distributed training, fangs 1, strong nose
a: Depart the Abyss, Renounce Religion


You were on level 1 of the Abyss.
You worshipped Lugonu.
Lugonu was aware of your devotion.
You visited 0 branches of the dungeon, and saw 0 of its levels.
You visited the Abyss 1 time.

You collected 23 gold pieces.

Inventory:

Hand Weapons
 a - a +1 hand axe (weapon)
Armour
 b - a +0 leather armour (worn)
Jewellery
 c - a cursed -4 ring of intelligence (left hand)


   Skills:
 + Level 6.4 Fighting
 + Level 0.0 Short Blades
 + Level 0.0 Long Blades
 + Level 4.4 Axes
 + Level 0.0 Maces & Flails
 + Level 0.0 Polearms
 + Level 0.0 Staves
 + Level 0.0 Slings
 + Level 0.0 Bows
 + Level 0.0 Crossbows
 + Level 0.0 Throwing
 + Level 4.4 Armour
 + Level 2.3 Dodging
 + Level 0.0 Stealth
 + Level 0.0 Shields
 + Level 0.0 Unarmed Combat
 + Level 0.0 Spellcasting
 + Level 0.0 Conjurations
 + Level 0.0 Hexes
 + Level 0.0 Summonings
 + Level 0.0 Necromancy
 + Level 0.0 Translocations
 + Level 0.0 Transmutations
 + Level 0.0 Fire Magic
 + Level 0.0 Ice Magic
 + Level 0.0 Air Magic
 + Level 0.0 Earth Magic
 + Level 0.0 Poison Magic
 + Level 4.4 Invocations
 + Level 0.0 Evocations


You couldn't memorise any spells.
You didn't know any spells.
Your spell library was empty.

Dungeon Overview and Level Annotations

Branches:
Dungeon (0/15)

Altars:


Innate Abilities, Weirdness & Mutations

Your experience applies equally to all skills.
You have very sharp teeth.
Your uncanny sense of smell can sniff out nearby items.


Message History

The quasit misses you.
You closely miss the quasit. Your bite misses the quasit.
The quasit is lightly wounded.
The quasit bites you.
* * * LOW HITPOINT WARNING * * *
The quasit claws you.
* * * LOW HITPOINT WARNING * * *
The quasit barely misses you. The quasit bites you.
* * * LOW HITPOINT WARNING * * *
The quasit barely misses you. The quasit claws you.
* * * LOW HITPOINT WARNING * * *
You miss the quasit.
The quasit is lightly wounded.
The quasit closely misses you.
The quasit claws you but does no damage.
The quasit barely misses you.
You hit the quasit. You bite the quasit, but do no damage.
The quasit is heavily wounded.
The quasit bites you.
You die...

#. .### . .
.. ........
#.#.#.#.#...
#... ..#..#
#..# . #.#
##..##.. #
X......###
...# #...X###
...###.. #5@#
##.##########
≈≈≈ ≈≈≈≈ #≈≈§
§ ≈≈≈≈ § ≈ ≈
≈


You could see a tentacled starspawn and a quasit.

Vanquished Creatures (others)
  9 starspawn tentacles (Abyss:1)
9 creatures vanquished.

Notes
Turn   | Place    | Note
-------+----------+-------------------------------------------
     0 | Abyss:1  | Gargoyl the Gnoll Abyssal Knight began the quest for the
                  | Orb.
     0 | Abyss:1  | Reached XP level 1. HP: 23/23 MP: 3/3
    25 | Abyss:1  | Noticed an iron dragon zombie
    61 | Abyss:1  | Found a corrupted altar of Lugonu.
   129 | Abyss:1  | Noticed a tentacled starspawn
   140 | Abyss:1  | Noticed a quasit
   157 | Abyss:1  | HP: 1/23 [quasit (2)]
   159 | Abyss:1  | Slain by a quasit

Illustrated notes

Levels and vault maps discovered:
Abyss:1:  base:
Temple

Action                   || total
-------------------------++-------
Melee: Hand axe          ||     8
       Bite              ||     1
Armor: Leather armour    ||     7
Dodge: Dodged            ||    18

Table legend: (Time is in decaauts)
 A = Elapsed time spent in this place.
 B = Non-inter-level travel time spent in this place.
 C = Inter-level travel time spent in this place.
 D = Time resting spent in this place.
 E = Time spent auto-exploring this place.
 F = Levels seen in this place.
 G = Mean time per level.
                   A        B        C        D        E       F      G
               +--------+--------+--------+--------+--------+-----+--------+
         Total |    159 |    159 |      0 |      0 |     37 |   1 |  159.0 |
         Abyss |    159 |    159 |      0 |      0 |     37 |   1 |  159.0 |
               +--------+--------+--------+--------+--------+-----+--------+

Top non-repeatable levels by time:
 Abyss:1: 159 daAuts
